 Dungeon Crawl Stone Soup version 0.27.1-37-g7b29ead8ac (webtiles) character file.

Game seed: 1523848876540063348

8823 cbfl8 the Cleaver (level 11, -3/92 HPs)
             Began as a Minotaur Fighter on June 23, 2023.
             Was a Believer of Yredelemnul.
             Succumbed to a swamp dragon's poison gas
             ... on level 10 of the Dungeon.
             The game lasted 00:16:29 (12415 turns).

cbfl8 the Cleaver (Minotaur Fighter)               Turns: 12415, Time: 00:16:30

Health: -3/92      AC: 16    Str: 21    XL:     11   Next: 15%
Magic:  20/20      EV:  8    Int:  5    God:    Yredelemnul [**....]
Gold:   846        SH: 16    Dex: 13    Spells: 10/10 levels left

rFire    x . .     SeeInvis .   b - +5 war axe "Zoomew" {vorpal, Will+ MP+9}
rCold    + . .     Faith    .   c - +0 kite shield
rNeg     . . .     Spirit   .   j - +2 chain mail {Will+}
rPois    .         Reflect  +   (helmet restricted)
rElec    .         Harm     .   k - +0 cloak
rCorr    .         Rampage  .   (no gloves)
Will     ++...                  m - +0 pair of boots
Stlth    ..........             E - amulet of reflection
HPRegen  0.25/turn              v - ring of ice
MPRegen  0.17/turn              (no ring)

@: lethally poisoned (-3 -> -35), mirroring injuries
A: horns 2, retaliatory headbutt
a: Renounce Religion, Animate Remains, Recall Undead Slaves, Injury Mirror


You were on level 10 of the Dungeon.
You worshipped Yredelemnul.
Yredelemnul was pleased with you.
You visited 2 branches of the dungeon, and saw 12 of its levels.

You collected 1762 gold pieces.
You spent 916 gold pieces at shops.

Inventory:

Hand Weapons
 b - the +5 war axe "Zoomew" (weapon) {vorpal, Will+ MP+9}
   (You acquired it on level 6 of the Dungeon)

   It inflicts extra damage upon your enemies.
   MP:        It affects your magic capacity (+9).
   Will:      It increases your willpower.
Armour
 c - a +0 kite shield (worn)
 j - a +2 chain mail of willpower (worn)
 k - a +0 cloak (worn)
 m - a +0 pair of boots (worn)
Jewellery
 v - a ring of ice (left hand)
 E - an amulet of reflection (around neck)
Wands
 d - a wand of digging (15)
 B - a wand of polymorph (5)
Scrolls
 a - 3 scrolls of noise
 e - 2 scrolls of blinking
 g - a scroll of brand weapon
 h - 3 scrolls of magic mapping
 l - 2 scrolls of enchant armour
 p - 6 scrolls of teleportation
 s - 2 scrolls of fear
 t - a scroll of immolation {unknown}
 w - a scroll of fog {unknown}
 x - a scroll of summoning {unknown}
Potions
 f - 3 potions of lignification {unknown}
 i - a potion of attraction
 n - 2 potions of brilliance {unknown}
 o - 2 potions of curing {unknown}
 q - a potion of flight {unknown}
 r - a potion of degeneration {unknown}
 u - 2 potions of magic {unknown}
 z - a potion of invisibility {unknown}
Miscellaneous
 D - a condenser vane


   Skills:
 + Level 7.3 Fighting
 + Level 11.2 Axes
 + Level 10.2 Armour
 + Level 3.2 Dodging
 + Level 1.6 Stealth
 + Level 9.0 Shields
 + Level 2.3 Invocations
 * Level 6.9 Evocations


You had 10 spell levels left.
You didn't know any spells.
Your spell library contained the following spells:

 Spells                   Type           Power      Damage    Failure   Level
 Beastly Appendage        Tmut           0%         N/A       100%        1
 Corona                   Hex            0%         N/A       100%        1
 Foxfire                  Conj/Fire      0%         2x1d4     100%        1
 Sting                    Tmut/Pois      0%         1d3       100%        1
 Corpse Rot               Necr/Air       N/A        N/A       100%        2
 Ensorcelled Hibernation  Hex/Ice        0%         N/A       100%        2
 Poisonous Vapours        Pois/Air       0%         N/A       100%        2
 Sublimation of Blood     Necr           0%         N/A       100%        2
 Wereblood                Tmut           0%         N/A       100%        2
 Conjure Flame            Conj/Fire      0%         6-21      100%        3
 Inner Flame              Hex/Fire       0%         N/A       100%        3
 Ozocubu's Armour         Ice            0%         N/A       100%        3
 Spider Form              Tmut/Pois      0%         N/A       100%        3
 Tukima's Dance           Hex            0%         N/A       100%        3
 Olgreb's Toxic Radiance  Pois           0%         N/A       100%        4
 Freezing Cloud           Conj/Ice/Air   0%         6-21      100%        5
 Metabolic Englaciation   Hex/Ice        0%         N/A       100%        5
 Simulacrum               Ice/Necr       0%         N/A       100%        6
 Summon Hydra             Summ           0%         N/A       100%        7


Dungeon Overview and Level Annotations

Branches:
Dungeon (11/15)            Temple (1/1) D:5             Orc (0/2) D:9
   Lair: D:8-11

Altars:
Cheibriados
Dithmenos
Elyvilon
Fedhas
Gozag
Hepliaklqana
Makhleb
Ru
Sif Muna
Xom
Yredelemnul
Zin

Shops:
D:6 [(:?=   D:9 (([

Annotations:
D:5 3 runed translucent doors, 0gre's ghost, novice GnIE
D:6 2 runed translucent doors, Aldia's ghost, novice KoDe
D:8 1 runed translucent door, Kazon's ghost, novice PaBe


Innate Abilities, Weirdness & Mutations

You have a pair of horns on your head.
You reflexively headbutt those who attack you in melee.


Message History

You feel very sick. The swamp dragon bites you.
You block the swamp dragon's attack.
The swamp dragon tramples you but does no damage.
You offer yourself to Yredelemnul, and are filled with unholy energy.
You feel very sick.
The swamp dragon breathes poison at you.
The blast of poison engulfs you!
You are more poisoned.
Yredelemnul mirrors your injury!
The swamp dragon is heavily wounded.
You hit the swamp dragon. Your headbutt misses the swamp dragon.
The swamp dragon is heavily wounded.
You are engulfed in poison gas.
You are lethally poisoned!
You feel extremely sick.
You block the swamp dragon's attack. x2; The swamp dragon barely misses you.
Unknown command.
You barely miss the swamp dragon.
The swamp dragon is heavily wounded.
You are engulfed in poison gas.
You are more poisoned.
* * * LOW HITPOINT WARNING * * *
x2 You feel extremely sick.
Yredelemnul mirrors your injury!
The swamp dragon is severely wounded.
Your kobold demonologist zombie hits the swamp dragon with a +0 dagger.
The swamp dragon bites your kobold demonologist zombie.
The swamp dragon barely misses your kobold demonologist zombie.
The swamp dragon tramples your kobold demonologist zombie.
Your kobold demonologist zombie holds its ground!
You slice the swamp dragon!! You headbutt the swamp dragon.
The swamp dragon is almost dead.
* * * LOW HITPOINT WARNING * * *
You feel extremely sick.
Your kobold demonologist zombie hits the swamp dragon with a +0 dagger.
The swamp dragon dies!
Yredelemnul accepts your kill.
A centaur comes into view.
Your Shields skill increases to level 9!
You die...
Your body rises from the dead as a mindless zombie.

.#. #.#. .# #.#. .# .#. #. # #.
.# .. ..# #. #####.##### ###.# #.
#.....P♣..##.... ### #.
.#..P.P.♣..#...###$$# #.
.#.P..♣P.P.#..##$$$$# # #.
.#....P...♣#.##○@°$# #.##.
...♣..⌠....Z○#°.°$)# #....
.#♣..♣...♣P#○#Z.○°## #...##.
.#♣P.....♣.#....$## ###.⌠ #.
.#P.....♣..#..c### ... #.
.#..PP..P.P##..... #. #.
.#####.#########.## #.#####.
......."........... .......
........####################.####


You could see a centaur and a friendly kobold demonologist zombie.

Vanquished Creatures
  Josephine (D:9)
  Joseph (D:8)
  Psyche (D:10)
  Maggie (D:8)
  A kobold demonologist (D:10)
  Grinder (D:4)
  3 wyverns
  4 wraiths
  8 yaks
  Grum (D:8)
  A vampire mosquito (D:10)
  A steam dragon (D:10)
  2 water moccasins (D:6)
  A black bear (D:5)
  4 orc warriors
  2 necrophages
  3 wolves
  4 centaurs
  A phantom (D:5)
  2 kobold brigands
  A gnoll sergeant (D:5)
  2 bullfrogs
  A scorpion (D:6)
  A killer bee (D:10)
  13 wights
  3 howler monkeys
  3 centaur zombies
  A gnoll shaman (D:4)
  3 hounds
  2 centaur skeletons
  3 iguanas (D:5)
  4 orc wizards
  A killer bee zombie (D:8)
  2 howler monkey zombies
  11 gnolls
  2 howler monkey skeletons (D:5)
  2 adders
  A shadow imp (D:7)
  3 white imps
  An ufetubus (D:4)
  2 worms
  A dart slug (D:4)
  17 orcs
  5 bats
  4 endoplasms
  6 giant cockroaches
  7 goblins
  6 hobgoblins
  4 jackals (D:1)
  2 quokkas (D:4)
  4 ball pythons
  2 frilled lizards
  13 kobolds
  6 rats
182 creatures vanquished.

Vanquished Creatures (collateral kills)
  A swamp dragon (D:10)
  A wraith (D:9)
  A wolf (D:7)
  A shadow imp (D:7)
4 creatures vanquished.

Vanquished Creatures (others)
  4 kobold skeletons (D:9)
  An orc zombie (D:10)
  2 fungi (D:7)
  5 plants (D:10)
  4 toadstools (D:7)
16 creatures vanquished.

Grand Total: 202 creatures vanquished

Notes
Turn   | Place    | Note
-------+----------+-------------------------------------------
     0 | D:1      | cbfl8 the Minotaur Fighter began the quest for the Orb.
     0 | D:1      | Reached XP level 1. HP: 19/19 MP: 0/0
   247 | D:1      | Reached XP level 2. HP: 27/27 MP: 1/1
   575 | D:1      | Reached XP level 3. HP: 34/34 MP: 2/2
   763 | D:2      | Found a glowing silver altar of Zin.
   816 | D:1      | Reached skill level 3 in Axes
  1094 | D:2      | Found a faded altar of an unknown god.
  1149 | D:2      | Reached skill level 1 in Evocations
  1259 | D:2      | Reached XP level 4. HP: 35/41 MP: 3/3
  1422 | D:2      | Reached skill level 1 in Dodging
  2046 | D:3      | You fall into a shaft and drop 2 floors!
  2046 | D:5      | Entered Level 5 of the Dungeon
  2073 | D:5      | Reached XP level 5. HP: 33/47 MP: 4/4
  2178 | D:4      | Noticed Grinder
  2178 | D:4      | Paralysed by Grinder for 5 turns
  2198 | D:4      | Paralysed by Grinder for 5 turns
  2204 | D:4      | Killed Grinder
  2205 | D:4      | Reached skill level 4 in Axes
  2205 | D:4      | Reached skill level 5 in Armour
  2205 | D:4      | Reached XP level 6. HP: 42/53 MP: 5/5
  3319 | D:5      | Reached skill level 5 in Axes
  3368 | D:5      | Reached XP level 7. HP: 42/60 MP: 6/6
  3370 | D:5      | Reached skill level 5 in Shields
  3790 | D:5      | Found a runed translucent gate.
  3790 | D:5      | Found a runed translucent gate.
  3791 | D:5      | Found a runed translucent gate.
  3791 | D:5      | Noticed 0gre's ghost (novice GnIE)
  3866 | D:5      | Found a staircase to the Ecumenical Temple.
  3959 | Temple   | Entered the Ecumenical Temple
  4019 | Temple   | Became a worshipper of Yredelemnul the Dark
  4093 | D:5      | Identified a scroll of acquirement
  4108 | D:5      | Reached skill level 5 in Fighting
  4538 | D:5      | Acquired 973 gold pieces
  4575 | D:6      | Found Nimein's Magic Scroll Shoppe.
  4577 | D:6      | Found Upror's Weapon Shoppe.
  4591 | D:5      | Reached skill level 6 in Axes
  4627 | D:5      | Reached XP level 8. HP: 58/68 MP: 7/7
  4706 | D:6      | Bought a scroll of teleportation for 39 gold pieces
  4706 | D:6      | Bought a scroll of teleportation for 39 gold pieces
  4706 | D:6      | Bought a scroll of teleportation for 39 gold pieces
  4706 | D:6      | Bought a scroll of blinking for 97 gold pieces
  4706 | D:6      | Bought a scroll of acquirement for 676 gold pieces
  4706 | D:6      | Acquired the +5 war axe "Zoomew" {vorpal, Will+ MP+9}
  4892 | D:6      | Found Joasuy's Book Boutique.
  4906 | D:6      | Found a blossoming altar of Fedhas.
  4989 | D:6      | Found a runed translucent door.
  4993 | D:6      | Noticed Aldia's ghost (novice KoDe)
  4999 | D:6      | Reached skill level 7 in Axes
  5003 | D:6      | Reached skill level 1 in Stealth
  5134 | D:6      | Found Kostrec's Jewellery Shop.
  5157 | D:6      | Found a runed translucent door.
  5233 | D:6      | Found Vogori's Antique Armour Shoppe.
  5478 | D:6      | Bought a scroll of identify for 26 gold pieces
  5566 | D:7      | You fall into a shaft and drop 3 floors!
  5566 | D:10     | Entered Level 10 of the Dungeon
  5601 | D:10     | Reached * piety under Yredelemnul
  5602 | D:10     | Reached skill level 8 in Axes
  5700 | D:9      | Found a staircase to the Orcish Mines.
  5736 | D:9      | Reached XP level 9. HP: 59/75 MP: 8/8
  5829 | D:9      | Found Paagreust's Antique Weapon Boutique.
  6397 | D:7      | Reached skill level 9 in Axes
  7017 | D:8      | Reached skill level 5 in Evocations
  7222 | D:8      | Noticed Kazon's ghost (novice PaBe)
  7399 | D:8      | Found a runed translucent door.
  7427 | D:8      | Noticed Maggie
  7438 | D:8      | Killed Maggie
  7439 | D:8      | Reached skill level 10 in Axes
  7855 | D:8      | Noticed Grum
  7859 | D:8      | Noticed Joseph
  8078 | D:7      | Reached skill level 1 in Invocations
  8212 | D:8      | Killed Grum
  8213 | D:8      | Reached XP level 10. HP: 80/83 MP: 9/9
  8217 | D:9      | Found Ewoul's Weapon Boutique.
  8478 | D:8      | Killed Joseph
  8876 | D:9      | Reached ** piety under Yredelemnul
  9123 | D:9      | Found Plog's Antique Armour Boutique.
  9804 | D:10     | Noticed Josephine
 10450 | D:9      | Killed Josephine
 10659 | D:10     | Noticed Psyche
 10665 | D:10     | Killed Psyche
 10768 | D:10     | Noticed an orc sorcerer
 10774 | D:10     | Noticed an orange demon
 10786 | D:10     | HP: 4/84 [orc sorcerer/bolt of fire (34)]
 10788 | D:10     | Noticed an orange demon
 11127 | D:10     | Noticed a sun demon
 11672 | D:11     | Reached skill level 11 in Axes
 12107 | D:10     | Reached skill level 10 in Armour
 12107 | D:10     | Reached XP level 11. HP: 71/92 MP: 11/11
 12177 | D:10     | Identified the amulet of Erchexui {Spirit -Tele rElec rPois
                  | rN+}
 12406 | D:10     | Noticed a swamp dragon
 12414 | D:10     | HP: 3/92 [poisoned by a swamp dragon (poison gas)]
 12414 | D:10     | Killed a swamp dragon
 12415 | D:10     | Succumbed to a swamp dragon's poison gas

Illustrated notes

Levels and vault maps discovered:
D:1:      elethiomel_arrival_quiet, layout_basic
D:2:      layout_basic, shapermc_ecumenical_altar_venn, basic_altar
D:3:      layout_rooms
D:4:      layout_loops_ring, minmay_fractal_squares_gapless_5, uniq_grinder
D:5:      layout_cave_pools, minmay_temple_entry_poolview,
          gammafunk_ghost_nasty_kobolds, corexii_hall_statues_i
D:6:      layout_cave_pools, lemuel_crystal_altar, ebering_ghost_sewer_f,
          serial_shops, shop, shop, shop, shop_scrolls, shop,
          hangedman_abyss_or_decor_stagger
D:7:      layout_basic, minmay_gold_behind_fungi
D:8:      layout_rooms, hellmonk_ghost_happy_afterlife, uniq_maggie, uniq_grum,
          uniq_joseph
D:9:      layout_roguey, orc_0_dummy, serial_shops, nicolae_shop_behind_doors,
          shop, nicolae_stop_n_shop_1
D:10:     minmay_the_grid_3x3 [minmay_the_grid_square_x,
          minmay_the_grid_small_cups, minmay_the_grid_tri_star,
          minmay_the_grid_holed_spiral, minmay_the_grid_gridbox,
          minmay_the_grid_tiny_cups, minmay_the_grid_dragon_a,
          minmay_the_grid_garden, minmay_the_grid_prize_diamond_cup],
          layout_basic, uniq_psyche, uniq_josephine
D:11:     layout_long_grid, lair_entry_dummy, tgw_sif, uniq_erica
Temple:   minmay_crystal_snake_temple

Skill      XL: |  1  2  3  4  5  6  7  8  9 10 11 |
---------------+----------------------------------+-----
Fighting       | 4 5 6 7 |  7.3
Axes           | 3 4 5 6 8 10 11 | 11.2
Armour         | 4 5 6 7 8 10 | 10.2
Shields        | 4 6 7 8 9 |  9.0
Evocations     | 1 2 3 4 5 6 |  6.9
Dodging        | 1 2 3 |  3.2
Stealth        | 1 |  1.6
Invocations    | 1 2 |  2.3

Action                   |  1- 3 |  4- 6 |  7- 9 | 10-12 || total
-------------------------+-------+-------+-------+-------++-------
Melee: War axe           |    63 |    96 |   231 |   134 ||   524
       Headbutt          |    14 |    12 |    42 |    33 ||   101
Invok: Animate Remains   |       |       |     3 |    11 ||    14
       Injury Mirror     |       |       |       |     1 ||     1
  Use: Potion            |       |     2 |     6 |     1 ||     9
       Scroll            |       |       |     7 |     4 ||    11
Armor: Scale mail        |    34 |     5 |       |       ||    39
       Plate armour      |       |   100 |    85 |       ||   185
       Chain mail        |       |       |    68 |    95 ||   163
Dodge: Dodged            |    27 |    25 |    78 |    46 ||   176
Block: Kite shield       |    50 |    72 |   187 |   108 ||   417
